 Dungeon Crawl Stone Soup version 0.31-a0-455-g1a7b003ef0 (webtiles) character file.

Game seed: 3431000717207001697

5725 drugrobin the Cleaver (level 10, -3/74 HPs)
             Began as a Demigod Delver on Aug 3, 2023.
             Slain by a death yak (4 damage)
             ... on level 9 of the Dungeon.
             The game lasted 00:25:44 (9574 turns).

drugrobin the Cleaver (Demigod Delver)              Turns: 9574, Time: 00:25:46

Health: -3/74      AC: 19    Str: 25    XL:     10   Next: 24%
Magic:  13/13      EV:  5    Int: 12    God:
Gold:   141        SH:  0    Dex: 15    Spells: 9/9 levels left

rFire   + . .        d - +3 hand axe
rCold   . . .        (no shield)
rNeg    . . .        F - +0 crystal plate armour
rPois   .            (no helmet)
rElec   .            N - +0 cloak
rCorr   .            (no gloves)
SInv    .            (no boots)
Will    +....        h - amulet of magic regeneration Stlth
                     E - ring of protection from fire
HPRegen 0.32/turn    (no ring)
MPRegen 0.53/turn

%: no passive effects
@: studying Axes
A: high MP 1, forlorn, divine attributes
a: no special abilities


You were on level 9 of the Dungeon.
You visited 1 branch of the dungeon, and saw 9 of its levels.
You also visited: Sewer.

You collected 447 gold pieces.
You spent 306 gold pieces at shops.

Inventory:

Hand Weapons
 a - a +6 flail of draining
 b - a +2 dagger of venom
 c - the +0 orcbow of the Threshing Eel {elec, rPois Int+3}
   (You bought it in a shop on level 2 of the Dungeon)

   Int:       It affects your intelligence (+3).
   rPois:     It protects you from poison.
 d - a +3 hand axe (weapon)
Missiles
 o - 4 javelins
 v - 6 boomerangs (quivered)
 H - 11 poisoned darts
Armour
 f - a +0 troll leather armour {Pargi}
 F - a +0 crystal plate armour (worn)
 N - a +0 cloak (worn)
Jewellery
 h - an amulet of magic regeneration (around neck)
 E - a ring of protection from fire (left hand)
Talismans
 u - a granite talisman
 y - a beast talisman
Wands
 g - a wand of digging (2)
 m - a wand of mindburst (23)
 p - a wand of flame (32)
 J - a wand of light (14)
Scrolls
 e - 4 scrolls of fear
 j - 5 scrolls of teleportation
 q - a scroll of blinking {unknown}
 r - 2 scrolls of enchant armour {unknown}
 s - a scroll of poison
 z - a scroll of acquirement
 C - 2 scrolls of amnesia
 D - 2 scrolls of fog
 K - 3 scrolls of vulnerability {unknown}
 L - 3 scrolls of revelation
 M - a scroll of immolation {unknown}
Potions
 i - a potion of brilliance
 k - 2 potions of curing
 l - a potion of invisibility {unknown}
 n - 5 potions of heal wounds
 w - a potion of berserk rage {unknown}
 x - a potion of lignification {unknown}
 A - 3 potions of enlightenment
 I - 2 potions of haste


   Skills:
 - Level 2.6 Fighting
 * Level 12.9 Axes
 + Level 6.5 Armour
 - Level 1.7 Dodging
 - Level 4.5 Stealth
 - Level 4.0 Evocations


You had 9 spell levels left.
You didn't know any spells.
Your spell library contained the following spells:

 Spells                   Type           Power      Damage    Failure   Level
 Apportation              Tloc           0%         N/A       100%        1
 Necrotise                Necr           0%         1d4       100%        1
 Summon Small Mammal      Summ           0%         N/A       100%        1
 Passage of Golubria      Tloc           0%         N/A       100%        4
 Silence                  Hex/Air        0%         N/A       100%        5
 Malign Gateway           Summ/Tloc      0%         N/A       100%        7
 Lehudib's Crystal Spear  Conj/Erth      0%         10d2      100%        8
 Summon Horrible Things   Summ           0%         N/A       100%        8


Dungeon Overview and Level Annotations

Branches:
Dungeon (9/15)             Temple (0/1) D:5           Sewer (visited)
   Lair: D:8-11         Orc: D:9-12

Shops:
D:2 **

Annotations:
D:7 1 transporter


Innate Abilities, Weirdness & Mutations

You have an increased reservoir of magic. (+10% MP)
You shall have no god before yourself.
Your divine heritage dramatically boosts your attributes as you level up.


Message History

You hit the death yak but do no damage.
The death yak is severely wounded.
You hit the killer bee but do no damage.
The killer bee stings you.
* * * LOW HITPOINT WARNING * * *
The death yak gores you.
* * * LOW HITPOINT WARNING * * *
Unknown command.
Unknown command.
Unknown command.
Unknown command.
Unknown command.
You hit the killer bee.
The killer bee is severely wounded.
You hit the death yak but do no damage.
The killer bee stings you but does no damage.
The howler monkey hoots and howls with incredible vigour!
You hear a shout!
Unknown command.
Unknown command.
Unknown command.
Unknown command.
Unknown command.
You closely miss the killer bee.
The killer bee is severely wounded.
You catch the helpless death yak completely off-guard!
You hit the death yak but do no damage.
The killer bee stings you but does no damage.
The death yak gores you!
* * * LOW HITPOINT WARNING * * *
The killer bee barely misses you.
Unknown command.
Unknown command.
As you read the scroll of fear, it crumbles to dust.
You assume a fearsome visage.
The death yak resists with almost no effort.
The death yak looks frightened!
The killer bee looks frightened!
The howler monkey looks frightened!
The orc looks frightened!
The death yak gores you.
You die...

### ...
####.####
####........
#ho.........
#Y##.##.###
#Y##.#
#@##Y#
#†##.#
.y##h#
.####.# #.
#o# #.# ##†#
#.# #.y# ##
#.# #.## ..
#.# #.# .#


You could see 2 death yaks, a howler monkey (fleeing), a killer bee (fleeing)
and an orc (fleeing).

Vanquished Creatures
  A centaur warrior (D:8)
  2 death yaks
  Maggie (D:7)
  Prince Ribbit (D:7)
  Grum (D:8)
  Edmund (D:3)
  2 water moccasins
  3 ice beasts
  A sky beast (D:5)
  Pargi (Sewer)
  A black bear (D:5)
  2 ogres
  2 wolves
  A centaur (D:7)
  2 kobold brigands (D:8)
  Blork the orc (D:4)
  2 bullfrogs
  5 scorpions
  A gnoll sergeant (D:8)
  6 wights (D:8)
  A jelly (D:3)
  5 killer bees
  A howler monkey (D:7)
  4 hounds
  4 orc priests
  2 gnoll boudas
  2 iguanas
  2 orc wizards (D:4)
  Ijyb (D:3)
  14 gnolls
  8 adders
  A river rat (D:3)
  2 shadow imps
  2 white imps
  2 ufetubi
  4 worms (D:2)
  2 dart slugs
  15 orcs
  12 ball pythons
  3 endoplasms
  3 giant cockroaches
  13 goblins
  4 hobgoblins
  14 kobolds
  5 quokkas
  2 bats
  5 frilled lizards
  11 rats
181 creatures vanquished.

Notes
Turn   | Place    | Note
-------+----------+-------------------------------------------
     0 | D:5      | drugrobin the Demigod Delver began the quest for the Orb.
     0 | D:5      | Reached XP level 1. HP: 18/18 MP: 3/3
   103 | D:3      | Reached skill level 2 in Axes
   134 | D:3      | Noticed a jelly
   188 | D:3      | Noticed Ijyb
   245 | D:3      | Found a glowing drain.
   341 | D:3      | Reached XP level 2. HP: 14/25 MP: 4/4
   399 | Sewer    | Entered a sewer
   491 | Sewer    | Reached skill level 3 in Axes
   516 | Sewer    | Noticed Pargi
   538 | Sewer    | Killed Pargi
   539 | Sewer    | Reached skill level 4 in Axes
   539 | Sewer    | Reached XP level 3. HP: 9/30 MP: 5/5
   539 | Sewer    | Reached XP level 4. HP: 11/37 MP: 6/6
   804 | D:3      | Killed Ijyb
   875 | D:2      | Reached skill level 5 in Axes
   887 | D:2      | Reached XP level 5. HP: 30/42 MP: 7/7
  1783 | D:2      | Found Dedgh's General Store.
  1817 | D:2      | Bought a scroll of teleportation for 36 gold pieces
  1969 | D:2      | Found Beuqusykk's Assorted Antiques.
  1978 | D:2      | Bought a viscous purple potion for 23 gold pieces
  2878 | D:4      | Noticed Edmund
  2998 | D:4      | Identified a scroll of acquirement
  2999 | D:4      | Noticed an ogre
  3152 | D:4      | Noticed Blork the orc
  3178 | D:4      | Killed Blork the orc
  3179 | D:4      | Reached skill level 6 in Axes
  3179 | D:4      | Reached XP level 6. HP: 32/50 MP: 8/8
  3406 | D:3      | Killed Edmund
  3407 | D:3      | Reached skill level 7 in Axes
  3488 | D:4      | Reached XP level 7. HP: 54/56 MP: 9/9
  3859 | D:3      | Reached skill level 8 in Axes
  4033 | D:5      | Reached skill level 1 in Armour
  4506 | D:5      | Reached XP level 8. HP: 59/62 MP: 10/10
  4565 | D:5      | Found a staircase to the Ecumenical Temple.
  4613 | D:5      | Reached skill level 9 in Axes
  5762 | D:2      | Bought a faintly glowing orcbow for 221 gold pieces
  5762 | D:2      | Identified the +0 orcbow of the Threshing Eel {elec, rPois
                  | Int+3} (You bought it in a shop on level 2 of the Dungeon)
  5762 | D:2      | Bought a scroll labelled VOEPPI HAQO for 26 gold pieces
  5880 | D:7      | Noticed Prince Ribbit
  5886 | D:7      | Killed Prince Ribbit
  5887 | D:7      | Reached skill level 10 in Axes
  5954 | D:7      | Found a transporter.
  5954 | D:7      | Noticed a centaur warrior
  6392 | D:7      | Noticed Maggie
  6418 | D:7      | Killed Maggie
  6419 | D:7      | Reached XP level 9. HP: 31/68 MP: 11/11
  7023 | D:8      | Noticed Grum
  7054 | D:7      | Reached skill level 5 in Armour
  7054 | D:7      | Reached skill level 1 in Evocations
  7228 | D:8      | Killed Grum
  7229 | D:8      | Reached skill level 11 in Axes
  7266 | D:8      | Noticed a centaur warrior
  7984 | D:8      | Killed a centaur warrior
  8823 | D:8      | Reached skill level 12 in Axes
  9107 | D:9      | Noticed a death yak
  9131 | D:9      | Killed a death yak
  9132 | D:9      | Reached XP level 10. HP: 13/74 MP: 13/13
  9327 | D:9      | Noticed a death yak
  9330 | D:9      | Noticed a death yak
  9331 | D:9      | Noticed a death yak
  9349 | D:8      | Killed a death yak
  9537 | D:9      | Noticed a death yak
  9539 | D:9      | Noticed a death yak
  9573 | D:9      | HP: 1/74 [death yak (10)]
  9574 | D:9      | Slain by a death yak

Illustrated notes

Levels and vault maps discovered:
D:1:      doesnt_arrival_eight_statues, layout_basic,
          ebering_ecumenical_altar_box
D:2:      layout_rooms, serial_shops, shop, nicolae_shop_advertising_works
          [nicolae_subvault_shop_adworks], minmay_pentomino_v2
D:3:      layout_basic, gup_sewer_entry_spiral, hangedman_decor_points,
          chequers_decorated_corner, uniq_ijyb
D:4:      layout_rooms, uniq_blork_the_orc, uniq_edmund
D:5:      layout_rooms, minmay_temple_entry_fiery
D:6:      layout_basic
D:7:      layout_cave_pods, grunt_nemelex_the_gamble, dk_noncrumbling_3,
          chequers_serial_rivers_small_b, uniq_maggie, uniq_prince_ribbit1
D:8:      layout_loops_ring, kennysheep_just_a_vault, uniq_grum
D:9:      layout_loops_ring, nicolae_uskayaw_dance_studio, dpeg_lair_monsters,
          minmay_orc_entry_guard_dogs, moated_statue, eino_house_with_fridge

Skill      XL: |  1  2  3  4  5  6  7  8  9 10 |
---------------+-------------------------------+-----
Axes           | 2 4 5 6 7 8 10 12 | 12.9
Armour         | 2 4 6 |  6.5
Evocations     | 3 4 |  4.0
Fighting       | |  2.6
Dodging        | |  1.7
Stealth        | |  4.5

Action                     |  1- 3 |  4- 6 |  7- 9 | 10-12 || total
---------------------------+-------+-------+-------+-------++-------
  Melee: Hand axe          |    73 |    87 |    59 |    11 ||   230
         Punch             |     2 |     3 |     2 |     1 ||     8
         Dagger            |    12 |   131 |   142 |     9 ||   294
         Flail             |       |     2 |   183 |     8 ||   193
   Fire: Orcbow            |       |       |    27 |     2 ||    29
  Throw: Boomerang         |       |     3 |    12 |     1 ||    16
         Dart              |       |       |     1 |     2 ||     3
  Evoke: Wand              |     1 |     4 |     2 |     2 ||     9
    Use: Potion            |     3 |       |     1 |       ||     4
         Scroll            |       |     3 |     7 |     1 ||    11
   Stab: Sleeping          |       |    11 |       |       ||    11
         Invisible         |       |       |     1 |     5 ||     6
 Armour: Plate armour      |    73 |       |       |       ||    73
         Leather armour    |     3 |       |       |       ||     3
         Troll leather arm |       |    30 |       |       ||    30
         Crystal plate arm |       |       |   280 |    20 ||   300
  Dodge: Dodged            |    17 |   106 |    84 |    10 ||   217

Table legend: (Time is in decaauts)
 A = Elapsed time spent in this place.
 B = Non-inter-level travel time spent in this place.
 C = Inter-level travel time spent in this place.
 D = Time resting spent in this place.
 E = Time spent auto-exploring this place.
 F = Levels seen in this place.
 G = Mean time per level.
                   A        B        C        D        E       F      G
               +--------+--------+--------+--------+--------+-----+--------+
         Total |   9576 |   9168 |    408 |   1453 |   4845 |  10 |  957.6 |
       Dungeon |   9270 |   8862 |    408 |   1334 |   4811 |   9 | 1030.0 |
         Sewer |    305 |    305 |      0 |    119 |     34 |   1 |  305.0 |
               +--------+--------+--------+--------+--------+-----+--------+

Top non-repeatable levels by time:
     D:8: 2417 daAuts
     D:3: 1408 daAuts
     D:7: 1191 daAuts
     D:6: 954 daAuts
     D:5: 949 daAuts
     D:1: 828 daAuts
     D:4: 793 daAuts
     D:2: 629 daAuts
   Sewer: 305 daAuts
     D:9: 99 daAuts
